 Dungeon Crawl Stone Soup version 0.30.0-19-g36f170ea60 (webtiles) character file.

Game seed: 9124183316590256003

23 monsoonserge the Insei (level 2, -3/18 HPs)
             Began as an Octopode Transmuter on May 29, 2023.
             Slain by a gnoll
             ... wielding a +0 flail
              (12 damage)
             ... on level 2 of the Dungeon.
             The game lasted 00:02:34 (987 turns).

monsoonserge the Insei (Octopode Transmuter)         Turns: 987, Time: 00:02:34

Health: -3/18      AC:  1    Str:  9    XL:     2   Next: 95%
Magic:  4/5        EV: 13    Int: 15    God:
Gold:   47         SH:  0    Dex: 12    Spells: 4/5 levels left

rFire   . .          .
                       - Unarmed
rCold   . . .        (no shield)
rNeg    . . .        (helmet currently unavailable)
rPois   .            (no amulet)
rElec   .            c - ring of resist corrosion
rCorr   +            (no ring)
SInv    .            (no ring)
Will    .....        (no ring)
Stlth   ++           (no ring)
HPRegen 0.23/turn    (no ring)
MPRegen 0.09/turn    (no ring)
                     (no ring)

%: no passive effects
@: appendages (expiring)
A: tentacle spike 3, almost no armour, amphibious, 8 rings, camouflage 1,
gelatinous body 1, (nimble swimmer 1), tentacles
a: End Transformation


You were on level 2 of the Dungeon.
One of your tentacles had grown a beastly spike.
You visited 1 branch of the dungeon, and saw 2 of its levels.

You collected 47 gold pieces.

Inventory:

Missiles
 g - 20 stones (quivered)
Jewellery
 c - a ring of resist corrosion (left tentacle)
Scrolls
 f - a scroll of blinking {unknown}
 h - a scroll of fear {unknown}
 i - a scroll of identify {unknown}
Potions
 a - a potion of lignification
 b - a potion of flight {unknown}
 d - 2 potions of curing {unknown}
 e - a potion of might {unknown}


   Skills:
 + Level 1.0 Fighting
 + Level 2.4 Dodging
 + Level 0.8 Stealth
 + Level 3.4 Unarmed Combat
 - Level 2.0 Spellcasting
 + Level 2.3 Transmutations


You had 4 spell levels left.
You knew the following spells:

 Your Spells              Type           Power      Damage    Failure   Level
a - Beastly Appendage     Tmut           16%        N/A       9%          1

Your spell library contained the following spells:

 Spells                   Type           Power      Damage    Failure   Level
 Wereblood                Tmut           8%         N/A       13%         2
 Passwall                 Tmut/Erth      4%         N/A       21%         2
 Sandblast                Erth           2%         2d4       22%         1
 Spider Form              Tmut/Pois      5%         N/A       38%         3
 Stone Arrow              Conj/Erth      2%         3d7       54%         3
 Ice Form                 Ice/Tmut       5%         N/A       80%         4


Dungeon Overview and Level Annotations

Branches:
Dungeon (2/15)

Altars:


Innate Abilities, Weirdness & Mutations

One of your tentacles has grown a beastly spike.
You cannot wear most types of armour.
You are amphibious.
You can wear up to eight rings at the same time.
Your skin changes colour to match your surroundings (Stealth+).
Your rubbery body absorbs attacks. (AC +1, EV +1)
((You are camouflaged when in or above water. (Stealth+)))
You have tentacles for arms and can constrict up to eight enemies at once.


Message History

The rat bites you.
You barely miss the rat.
The gnoll shouts!
You grab the rat.
You pierce the rat.
You kill the rat!
Your tentacle spike disappears.
You see here 4 gold pieces.
You now have 47 gold pieces (gained 4).
Casting: Beastly Appendage (safe; 9% risk of failure)
Confirm with . or Enter, or press ? or * to list all spells.
One of your tentacles grows a vicious spike.
The gnoll barely misses you.
You closely miss the gnoll. Your grab misses the gnoll.
You pierce the gnoll.
The gnoll is moderately wounded.
You tentacle-slap the gnoll. You grab the gnoll.
The gnoll is heavily wounded.
You constrict the gnoll, but do no damage.
The gnoll closely misses you.
A gnoll comes into view. It is wielding a +0 spear.
You tentacle-slap the gnoll but do no damage.
You grab the gnoll.
You pierce the gnoll.
The gnoll is lightly wounded.
You constrict the gnoll.
You constrict the gnoll, but do no damage.
The gnoll barely misses you. The gnoll hits you with a +0 flail!
You tentacle-slap the gnoll but do no damage.
The gnoll is lightly wounded.
You constrict the gnoll. x2; The gnoll hits you with a +0 whip.
The gnoll barely misses you.
You tentacle-slap the gnoll.
You pierce the gnoll.
The gnoll is almost dead.
Your transformation is almost over.
You constrict the gnoll.
You constrict the gnoll, but do no damage.
The gnoll closely misses you. The gnoll completely misses you.
You tentacle-slap the gnoll.
You kill the gnoll!
You constrict the gnoll. The gnoll hits you with a +0 flail!
Ouch! That really hurt!
You die...

.. ####### ..##########
#....#. ...........#
#.##.## ......."...#
#.##.#.
...g.......#####
#.##.#. #.....†.# #...#
#.#.... ##.......#
#.#.# #.####.
......)g.#
#.#.###.#..<.
##.....@.#
#.....#.#.###
##......###....)#.#....
#..................÷..
#......###............
####.... #..........##
####.###........... .#
####.###.##. .#
#.#...##. .. #.#.#####


You could see 2 gnolls.

Vanquished Creatures
  A gnoll (D:2)
  2 ball pythons (D:1)
  2 endoplasms (D:1)
  2 giant cockroaches (D:1)
  2 hobgoblins (D:1)
  A quokka (D:1)
  3 bats (D:1)
  2 frilled lizards (D:1)
  3 goblins
  2 kobolds (D:1)
  4 rats
24 creatures vanquished.

Notes
Turn   | Place    | Note
-------+----------+-------------------------------------------
     0 | D:1      | monsoonserge the Octopode Transmuter began the quest for
                  | the Orb.
     0 | D:1      | Reached XP level 1. HP: 13/13 MP: 3/3
   181 | D:1      | Reached XP level 2. HP: 18/18 MP: 3/5
   207 | D:1      | You fall into a shaft and drop 1 floor!
   987 | D:2      | Slain by a gnoll

Illustrated notes

Levels and vault maps discovered:
D:1:      dpeg_arrival_simpleton_c, layout_basic
D:2:      minmay_door_path, layout_basic,
          shapermc_ecumenical_altar_mp_ritualfount

Action                     || total
---------------------------++-------
  Melee: Unarmed           ||    51
         Constrict         ||    15
         Kick              ||    13
         Tentacles         ||     8
   Cast: Beastly Appendage ||    13
   Stab: Sleeping          ||     1
 Armour: Skin              ||     1
  Dodge: Dodged            ||    43
